 Dungeon Crawl Stone Soup version 0.28-a0-1190-g77e1c55843 (webtiles) character file.

Game seed: 12629477375429784875

1442 EnegeticOcto the Chiller (level 9, -5/65 HPs)
             Began as a Formicid Transmuter on Dec 18, 2021.
             Was a Believer of Elyvilon.
             Slain by a hornet zombie (11 damage)
             ... on level 6 of the Dungeon.
             The game lasted 00:19:58 (8025 turns).

EnegeticOcto the Chiller (Formicid Transmuter)      Turns: 8025, Time: 00:19:58

Health: -5/65      AC:  4    Str: 15 (16) XL:     9   Next: 4%
Magic:  15/15      EV: 11    Int: 21 (22) God:    Elyvilon [**....]
Gold:   322        SH:  4    Dex: 10 (11) Spells: 7/16 levels left

rFire   + . .      SeeInvis +   i - +4 spear (venom)
rCold   . . .      Faith    .   d - +0 buckler
rNeg    . . .      Spirit   .   t - +1 leather armour {rF+}
rPois   .          Reflect  .   (helmet unavailable)
rElec   .          Harm     .   (no cloak)
rCorr   .          Rampage  .   (no gloves)
Will    .....                   (no boots)
Stlth   ++........              y - amulet of magic regeneration
HPRegen 0.20/turn               B - +6 ring of intelligence
MPRegen 0.54/turn               (no ring)

@: mighty
A: permanent stasis, dig shafts and tunnels, antennae 3, four strong arms
a: Dig, Shaft Self, Renounce Religion, Purification, Heal Other


You were on level 6 of the Dungeon.
You worshipped Elyvilon.
Elyvilon was pleased with you.
You visited 1 branch of the dungeon, and saw 6 of its levels.
You also visited: Ossuary.

You collected 334 gold pieces.
You spent 12 gold pieces at shops.

Inventory:

Hand Weapons
 i - a +4 spear of venom (weapon)
   (You found it on level 1 of the Dungeon)
 p - a +1 mace of protection
   (You found it on level 3 of the Dungeon)
 q - a +1 vorpal war axe
   (You took it off an orc on level 3 of the Dungeon)
Missiles
 e - 127 stones
 j - 26 poisoned darts (quivered)
 l - 8 atropa-tipped darts
Armour
 d - a +0 buckler (worn)
   (You found it on level 2 of the Dungeon)
 t - a +1 leather armour of fire resistance (worn)
   (You took it off Ijyb on level 3 of the Dungeon)
 x - the +8 plate armour "Kedymm" {Rampage MP+9 Str+2 Int-2}
   (You found it on level 4 of the Dungeon)

   Str:       It affects your strength (+2).
   Int:       It affects your intelligence (-2).
   MP:        It affects your magic capacity (+9).
   Rampage:   It bestows one free step when moving towards enemies.
Magical Staves
 b - a staff of poison
   (You found it on level 6 of the Dungeon)
Jewellery
 g - a ring of flight
   (You found it on level 5 of the Dungeon)
 w - an amulet of faith
   (You found it on level 4 of the Dungeon)
 y - an amulet of magic regeneration (around neck)
   (You found it on level 4 of the Dungeon)
 B - a +6 ring of intelligence (left hand)
   (You found it on level 4 of the Dungeon)
Wands
 n - a wand of iceblast (20) {@v2}
   (You found it on level 3 of the Dungeon)
 s - a wand of flame (15) {@v4}
   (You took it off Ijyb on level 3 of the Dungeon)
Scrolls
 a - a scroll of acquirement {unknown}
 c - a scroll of torment {unknown}
 f - a scroll of vulnerability
 m - a scroll of fog {unknown}
 A - 2 scrolls of enchant weapon
 C - a scroll of enchant armour {unknown}
 D - a scroll of noise {unknown}
 F - a scroll of amnesia {unknown}
 H - a scroll of summoning {unknown}
 J - 2 scrolls of magic mapping {unknown}
 K - a scroll of fear {!r}
 N - a scroll of holy word {unknown}
Potions
 h - 2 potions of mutation {unknown}
 k - a potion of invisibility
 r - a potion of heal wounds {unknown}
 u - a potion of degeneration
 z - a potion of attraction {unknown}
 E - 2 potions of curing {unknown}
 G - a potion of berserk rage {unknown}
 I - a potion of flight {unknown}
 L - 2 potions of resistance {unknown}
 M - a potion of cancellation {unknown}
 O - a potion of might {@q3 !q}


   Skills:
 - Level 4.0 Fighting
 + Level 4.0 Axes
 - Level 3.6 Armour
 - Level 1.7 Dodging
 - Level 3.0 Stealth
 - Level 2.4 Shields
 - Level 3.0 Unarmed Combat
 - Level 4.0 Spellcasting
 - Level 2.1 Transmutations
 - Level 6.0 Ice Magic
 + Level 2.1 Invocations


You had 7 spell levels left.
You knew the following spells:

 Your Spells              Type           Power      Damage    Failure   Level
a - Freeze                Ice            100%       1d11      1%          1
b - Frozen Ramparts       Ice            58%        1d7       3%          3
c - Hailstorm             Conj/Ice       16%        3d6       38%         4
d - Beastly Appendage     Tmut           26%        N/A       6%          1

Your spell library contained the following spells:

 Spells                   Type           Power      Damage    Failure   Level
 Wereblood                Tmut           13%        N/A       9%          2
 Shock                    Conj/Air       16%        1d4       14%         1
 Slow                     Hex            16%        N/A       14%         1
 Ice Form                 Ice/Tmut       21%        N/A       26%         4
 Spider Form              Tmut/Pois      8%         N/A       28%         3
 Confusing Touch          Hex            4%         N/A       41%         3
 Vampiric Draining        Necr           4%         2d6       41%         3
 Airstrike                Air            2%         N/A       82%         4
 Swiftness                Air            Unusable   N/A       N/A         3

Dungeon Overview and Level Annotations

Branches:
Dungeon (6/15)             Temple (0/1) D:5         Ossuary (visited)

Altars:
Cheibriados
Dithmenos
Elyvilon
Fedhas
Hepliaklqana
Qazlal
Ru
Sif Muna
Vehumet
Xom
The Shining One

Shops:
D:1 (

Annotations:
D:2 Jessica
D:3 1 runed translucent door, exclusion: door, Tycho's ghost, amateur GrEE
D:5 exclusion: wyvern


Innate Abilities, Weirdness & Mutations

You cannot be hasted, slowed, berserked, paralysed or teleported.
You can dig through walls and to a lower floor.
You have a pair of large antennae on your head. (SInv)
Your four strong arms can wield two-handed weapons with a shield.


Message History

No target in view!
No target in view!
No target in view!
No target in view!
No target in view!
Your magical contamination has completely faded away.
The frozen ramparts melt away.
J - 2 scrolls labelled BAHAOGHISTRO (gained 1)
A hornet zombie comes into view.
Casting: Frozen Ramparts (dangerous; 3% risk of failure)
Confirm with . or Enter, or press ? or * to list all spells.
Casting: Frozen Ramparts (dangerous; 3% risk of failure)
Press: ? - help, Dir - look around, f - activate The walls around you are covered in ice.
The hornet zombie resists.
The wall freezes the hornet zombie.
The hornet zombie resists.
The wall freezes the hornet zombie.
You closely miss the hornet zombie.
The hornet zombie is lightly damaged.
The hornet zombie completely resists.
The wall freezes the hornet zombie but does no damage.
The hornet zombie hits you but does no damage.
You hit the hornet zombie but do no damage.
The hornet zombie is lightly damaged.
The hornet zombie completely resists.
The wall freezes the hornet zombie but does no damage.
The hornet zombie hits you!
You hit the hornet zombie.
The hornet zombie is lightly damaged.
The hornet zombie completely resists.
The wall freezes the hornet zombie but does no damage.
The hornet zombie hits you.
You barely miss the hornet zombie.
The hornet zombie is lightly damaged.
The hornet zombie completely resists.
The wall freezes the hornet zombie but does no damage.
The hornet zombie hits you.
The hornet zombie completely resists.
The wall freezes the hornet zombie but does no damage.
The hornet zombie hits you.
You closely miss the hornet zombie.
The hornet zombie is lightly damaged.
The hornet zombie resists.
The wall freezes the hornet zombie.
The hornet zombie hits you.
You closely miss the hornet zombie.
The hornet zombie is lightly damaged.
The frozen ramparts melt away.
The hornet zombie hits you!
You are too injured to fight recklessly!
You are too injured to fight recklessly!
You are too injured to fight recklessly!
You are too injured to fight recklessly!
You are too injured to fight recklessly!
You are too injured to fight recklessly!
You are too injured to fight recklessly!
You are too injured to fight recklessly!
Okay, then.
Press: ? - help, Dir - move target, f - hornet zombie Heal: a hornet zombie (lightly damaged, mindless)
Okay, then.
Really quaff
O - 2 potions of might {@q3 !q}?
You feel very mighty all of a sudden. You block the hornet zombie's attack.
The hornet zombie hits you.
You puncture the hornet zombie!
The hornet zombie is moderately damaged.
The hornet zombie hits you.
You completely miss the hornet zombie.
The hornet zombie is moderately damaged.
The hornet zombie hits you but does no damage.
You puncture the hornet zombie!
The hornet zombie is heavily damaged.
The hornet zombie barely misses you.
The hornet zombie hits you but does no damage.
You barely miss the hornet zombie.
The hornet zombie is heavily damaged.
The hornet zombie hits you!
You closely miss the hornet zombie.
The hornet zombie is heavily damaged.
The hornet zombie misses you.
You barely miss the hornet zombie.
The hornet zombie is heavily damaged.
The hornet zombie hits you but does no damage.
You puncture the hornet zombie!
The hornet zombie is severely damaged.
The hornet zombie hits you.
* * * LOW HITPOINT WARNING * * *
The hornet zombie closely misses you.
You puncture the hornet zombie!
The hornet zombie is almost destroyed.
The hornet zombie closely misses you.
You hit the hornet zombie but do no damage.
The hornet zombie is almost destroyed.
The hornet zombie hits you.
* * * LOW HITPOINT WARNING * * *
You puncture the hornet zombie!
The hornet zombie is almost destroyed.
The hornet zombie hits you!
* * * LOW HITPOINT WARNING * * *
It was a potion of degeneration.
There was something very wrong with that liquid.
You feel weakened.
You feel dopey.
You feel clumsy. The hornet zombie hits you!
You die...

#########
#.Z...... #@#
#.# #.## #..#
##.# .......
#.#
#.......###.###
#.....#.......#
########
#.......##....#
#.......


You could see a hornet zombie.

Vanquished Creatures
  Menkaure (Ossuary)
  An ice beast (D:5)
  An ogre (D:4)
  2 centaurs (D:5)
  2 scorpions
  A water moccasin skeleton (D:5)
  3 centaur zombies (Ossuary)
  A bullfrog skeleton (D:5)
  2 orc priests
  Ijyb (D:3)
  4 hounds
  An iguana (D:6)
  2 orc wizards (D:4)
  A killer bee zombie (D:5)
  2 ogre zombies (Ossuary)
  6 mummies (Ossuary)
  Robin (D:3)
  13 adders
  2 ufetubi
  3 adder zombies (Ossuary)
  An adder skeleton (D:4)
  3 worms
  2 dart slugs (D:2)
  5 orcs
  9 endoplasms
  2 gnoll zombies (Ossuary)
  13 goblins
  10 hobgoblins
  15 jackals
  7 quokkas
  7 ball pythons
  2 bats (D:3)
  5 frilled lizards
  4 goblin zombies (Ossuary)
  4 hobgoblin zombies (Ossuary)
  3 kobolds
  2 kobold zombies (Ossuary)
  5 quokka zombies (Ossuary)
  6 rats
  5 rat zombies (Ossuary)
160 creatures vanquished.

Notes
Turn   | Place    | Note
-------+----------+-------------------------------------------
     0 | D:1      | EnegeticOcto the Formicid Transmuter began the quest for
                  | the Orb.
     0 | D:1      | Reached XP level 1. HP: 15/15 MP: 3/3
   260 | D:1      | Reached skill level 1 in Stealth
   428 | D:1      | You fall into a shaft and drop 1 floor!
   560 | D:2      | Learned a level 1 spell: Freeze
   743 | D:2      | Reached XP level 2. HP: 21/21 MP: 5/5
   961 | D:1      | Reached skill level 2 in Stealth
  1098 | D:1      | Reached skill level 1 in Ice Magic
  1376 | D:1      | Found a faded altar of an unknown god.
  1634 | D:1      | Found Iteop's Weapon Shop.
  1642 | D:1      | Bought 2 atropa-tipped darts for 12 gold pieces
  1918 | D:2      | Reached XP level 3. HP: 26/26 MP: 6/6
  2202 | D:2      | Reached skill level 3 in Stealth
  2295 | D:2      | Noticed Jessica
  2386 | D:2      | Reached skill level 2 in Ice Magic
  2386 | D:2      | Reached XP level 4. HP: 18/32 MP: 2/7
  2770 | D:2      | Learned a level 3 spell: Frozen Ramparts
  2945 | D:3      | Reached skill level 3 in Ice Magic
  2990 | D:3      | Reached XP level 5. HP: 27/37 MP: 4/8
  3503 | D:3      | Noticed Ijyb
  3509 | D:3      | Noticed Robin
  3521 | D:3      | Killed Ijyb
  3522 | D:3      | Reached skill level 4 in Ice Magic
  3523 | D:3      | Killed Robin
  3822 | D:3      | Found a runed translucent door.
  3822 | D:3      | Noticed a water moccasin
  3822 | D:3      | Noticed Tycho's ghost (amateur GrEE)
  3978 | D:3      | Reached XP level 6. HP: 36/43 MP: 9/9
  4351 | D:3      | Learned a level 4 spell: Hailstorm
  4371 | D:4      | Noticed an ogre
  4385 | D:4      | Killed an ogre
  4386 | D:4      | Reached skill level 5 in Ice Magic
  4614 | D:4      | Reached skill level 6 in Ice Magic
  4614 | D:4      | Reached XP level 7. HP: 40/48 MP: 6/10
  4704 | D:4      | Found a white marble altar of Elyvilon.
  4718 | D:4      | Identified the +8 plate armour "Kedymm" {Rampage MP+9 Str+2
                  | Int-2}
  4748 | D:4      | Reached skill level 1 in Shields
  4809 | D:4      | Reached skill level 2 in Fighting
  4996 | D:4      | Found a stormy altar of Qazlal.
  5037 | D:4      | Reached skill level 2 in Shields
  5037 | D:4      | Reached skill level 3 in Spellcasting
  5277 | D:4      | Became a worshipper of Elyvilon the Healer
  5303 | D:5      | Entered Level 5 of the Dungeon
  5314 | D:5      | Found a shadowy altar of Dithmenos.
  5349 | D:5      | Reached skill level 4 in Spellcasting
  5431 | D:5      | Found a shimmering altar of Xom.
  5516 | D:5      | Reached skill level 3 in Fighting
  5516 | D:5      | Reached XP level 8. HP: 54/58 MP: 12/14
  5574 | D:5      | Found a sand-covered staircase.
  5593 | Ossuary  | Entered an ossuary
  5774 | Ossuary  | Reached skill level 4 in Fighting
  5816 | Ossuary  | Reached * piety under Elyvilon
  5929 | Ossuary  | Reached skill level 1 in Axes
  5929 | Ossuary  | Reached skill level 1 in Armour
  6195 | Ossuary  | Noticed Menkaure
  6199 | Ossuary  | Reached skill level 2 in Armour
  6199 | Ossuary  | Killed Menkaure
  6200 | Ossuary  | Reached skill level 2 in Axes
  6239 | Ossuary  | Reached skill level 3 in Armour
  6451 | D:5      | Reached skill level 3 in Axes
  7061 | D:5      | Found a faded altar of an unknown god.
  7061 | D:5      | Found a sacrificial altar of Ru.
  7068 | D:5      | Found a hazy altar of Hepliaklqana.
  7070 | D:5      | Found a glowing golden altar of the Shining One.
  7072 | D:5      | Found a radiant altar of Vehumet.
  7224 | D:5      | Reached ** piety under Elyvilon
  7229 | D:5      | Noticed a wyvern
  7236 | D:5      | Found a staircase to the Ecumenical Temple.
  7526 | D:6      | Found a snail-covered altar of Cheibriados.
  7526 | D:6      | Noticed a torpor snail
  7584 | D:6      | Reached skill level 1 in Invocations
  7611 | D:6      | Found a shimmering blue altar of Sif Muna.
  7628 | D:6      | Found a blossoming altar of Fedhas.
  7900 | D:6      | Reached skill level 4 in Axes
  7900 | D:6      | Reached XP level 9. HP: 61/65 MP: 10/15
  7903 | D:6      | Reached skill level 2 in Invocations
  7944 | D:6      | Noticed a torpor snail
  7947 | D:6      | Noticed a torpor snail
  8025 | D:6      | Slain by a hornet zombie

Illustrated notes

Levels and vault maps discovered:
D:1:      minmay_arrival_loop, layout_loops_ring, serial_shops, shop,
          hellmonk_ecumenical_altar_slurped_away
D:2:      layout_loops_ring, fountainhead, uniq_jessica
D:3:      layout_basic, ebering_ghost_inner_flame, minmay_misc_feat_chi,
          grunt_ministairs_13, kennysheep_flooded_box, uniq_ijyb, uniq_robin
D:4:      layout_basic, elyvilon_altar_1, overflow_temple_1_default
D:5:      layout_layer_cave, nicolae_dithmenos_shadow_blocks, xom_teletrap_fun,
          chequers_temple_overflow_minitemple, temple_hall,
          nicolae_ossuary_entry_monument
D:6:      layout_loops_ring, mainiacjoe_overflow_brackets, cheibriados_altar_2,
          fedhas_ov_isle_minmay

Skill      XL: |  1  2  3  4  5  6  7  8  9 |
---------------+----------------------------+-----
Stealth        | 1 2 3 |  3.0
Ice Magic      | 1 2 3 4 6 |  6.0
Shields        | 2 |  2.4
Fighting       | 3 4 |  4.0
Spellcasting   | 4 |  4.0
Axes           | 4 |  4.0
Armour         | 3 |  3.6
Invocations    | 1 2 |  2.1
Dodging        | |  1.7
Unarmed Combat | |  3.0
Transmutations | |  2.1

Action                   |  1- 3 |  4- 6 |  7- 9 || total
-------------------------+-------+-------+-------++-------
Melee: Unarmed           |    38 |       |       ||    38
       Kick              |     6 |       |       ||     6
       Punch             |     2 |     1 |       ||     3
       Spear             |    33 |   111 |   255 ||   399
Throw: Stone             |    17 |       |       ||    17
       Dart              |     2 |     4 |     4 ||    10
 Cast: Beastly Appendage |     9 |       |       ||     9
       Freeze            |     3 |    16 |     4 ||    23
       Frozen Ramparts   |       |     8 |    13 ||    21
 Abil: Dig               |       |     2 |     2 ||     4
Evoke: Wand              |       |       |     4 ||     4
  Use: Scroll            |     3 |     1 |     4 ||     8
       Potion            |       |       |     2 ||     2
 Stab: Sleeping          |     6 |     3 |     2 ||    11
Armor: Robe              |     8 |     8 |       ||    16
       Leather armour    |       |       |    20 ||    20
       Plate armour      |       |       |    99 ||    99
Dodge: Dodged            |    21 |    69 |    56 ||   146
Block: Buckler           |       |       |    29 ||    29

Table legend: (Time is in decaauts)
 A = Elapsed time spent in this place.
 B = Non-inter-level travel time spent in this place.
 C = Inter-level travel time spent in this place.
 D = Time resting spent in this place.
 E = Time spent auto-exploring this place.
 F = Levels seen in this place.
 G = Mean time per level.
                   A        B        C        D        E       F      G
               +--------+--------+--------+--------+--------+-----+--------+
         Total |   8058 |   7879 |    179 |   1342 |   4636 |   7 | 1151.1 |
       Dungeon |   7297 |   7118 |    179 |   1157 |   4439 |   6 | 1216.2 |
       Ossuary |    761 |    761 |      0 |    185 |    197 |   1 |  761.0 |
               +--------+--------+--------+--------+--------+-----+--------+

Top non-repeatable levels by time:
     D:2: 1483 daAuts
     D:5: 1474 daAuts
     D:1: 1455 daAuts
     D:3: 1429 daAuts
     D:4: 952 daAuts
 Ossuary: 761 daAuts
     D:6: 501 daAuts
